Wolf Pack vs Griffins

Created - 5 décembre 2025 at 10:08

Goals
1 2 3 T
Wolf Pack 0 1 3 4
Griffins 1 1 1 3
Shots
1 2 3 T
Wolf Pack 8 7 28 43
Griffins 10 21 8 39

GoalsPenalties
1st period
1. Griffins , Conor Geekie 14 (Jiri Kulich 21) at 18:03 (PP)
Dalibor Dvorsky (NYR) for Roughing (Minor) at 18:02
2nd period
2. Wolf Pack , Michael Pezzetta 14 (Oskar Back 30, Gustav Lindström 19) at 2:41
3. Griffins , T.J. Tynan 7 (Jacob MacDonald 21, Conor Geekie 14) at 15:01
Francesco Pinelli (DET) for Slashing (Minor) at 3:13
Dalibor Dvorsky (NYR) for Roughing (Minor) at 12:37
3rd period
4. Wolf Pack , Brian Pinho 10 (Mark Friedman 15) at 6:00
5. Wolf Pack , Brian Pinho 11 (Zac Jones 22, Ivan Miroshnichenko 15) at 12:54
6. Griffins , Cole Schwindt 9 (Topias Vilen 10, Emil Heineman 16) at 13:22
7. Wolf Pack , Carl Grundstrom 23 (Oskar Back 31) at 18:46
Alex Lyon (NYR) for Slashing (Minor) at 0:31 - Brian Pinho served the penalty
Jiri Kulich (DET) for Fighting (Major) at 16:58
Michael Pezzetta (NYR) for Fighting (Major) at 16:58
Goalie Stats
Alex Lyon (NYR), 36 saves from 39 shots - (0,923), W, 23-4-2, 60:00 minutes
James Reimer (DET), 39 saves from 43 shots - (0,907), L, 14-7-6, 59:56 minutes
3 StarsOfficial
1 - Brian Pinho (NYR)
2 - Carl Grundstrom (NYR)
3 - Oskar Back (NYR)
Referees : Chad Ingalls and Francois St-Laurent
Linesman : Antoine Bujold-Roux and Caleb Apperson
Game Note
Jiri Kulich and Michael Pezzetta fight to a draw at 16:58 of 3rd period



Team Name Goals Shots Shots Attemp Shots Blocked PIM HIT PP PK FO%
Wolf Pack 443931111200 / 1 (0%)134%
Griffins 33968147231 / 3 (33%)066%

Wolf Pack
Player Name POS G A P +/- PIM HIT SHT SB MP PP MP PP SHT PK MP PK SHT FO% FOT GA TA
Brian PinhoC/LW/RW2021025017:400:5600:21021% 1410
Carl GrundstromRW1012033019:001:0300:00050% 210
Dalibor DvorskyRW000-1452014:430:5600:000100% 102
Devin KaplanRW0001001012:080:0000:0000% 000
Gustav LindströmD0112022328:331:1612:3800% 011
Ivan MiroshnichenkoLW/RW0110018016:420:5601:1700% 010
Jack MillarD0000011312:240:0000:0000% 001
Logan BrownC0000010013:400:0000:56060% 510
Luke RoweD0000002012:240:0000:0000% 000
Mark FriedmanD0110002019:030:4301:2100% 002
Michael PezzettaLW1010522220:231:0302:3500% 410
Oskar BackC0221014122:001:0302:35035% 4000
Reid SchaeferLW000000109:100:0000:0700% 010
Ryder KorczakC000000009:100:0000:07050% 200
Taylor WardRW000100209:140:0000:0000% 000
Tobie BissonD0000005119:030:4301:2100% 000
William StromgrenLW0001012112:080:0000:0000% 000
Zac JonesD0112011028:331:1602:3800% 021
Griffins
Player Name POS G A P +/- PIM HIT SHT SB MP PP MP PP SHT PK MP PK SHT FO% FOT GA TA
Aaron NessD000-2000019:080:0000:5000% 002
Anton WahlbergC/LW0000011115:171:3300:0000% 000
Brett ChorskeC/LW/RW000-100129:090:0000:0000% 001
Cole SchwindtC/RW1010024017:421:3301:09076% 1710
Conor GeekieC/RW112-1017019:382:2630:00050% 402
Elias Petterssen 2D000-1000117:031:3000:0000% 001
Emil HeinemanLW/RW0110014017:391:3311:090100% 210
Francesco PinelliC0000213114:370:0200:00056% 900
Jacob MacDonaldLW/D0111003123:492:2901:0900% 002
Jacob MelansonRW0000024012:090:0000:000100% 110
Jiri KulichC/RW011-1552120:212:2610:50062% 2630
Keean WashkurakC000-101009:090:0000:00060% 500
Mason GeertsenLW/D000-1001012:310:0000:0000% 000
Sam RinzelD000-2041022:391:3000:5000% 001
T.J. TynanC101-1023121:002:2400:50075% 400
Tim GettingerLW000-101209:090:0000:0000% 000
Topias VilenD0112023323:082:2901:0900% 010
Xavier BernardD000-1000313:510:0000:0000% 000

Wolf Pack

5 vs 5 Forward
Line #Left WingCenterRight WingPHYDFOFWanted %Time %Time Play
1Michael PezzettaOskar BackCarl Grundstrom1224035%18:14
2Ivan MiroshnichenkoBrian PinhoDalibor Dvorsky1223025%13:24
3William StromgrenLogan BrownDevin Kaplan1222023%12:08
4Reid SchaeferRyder KorczakTaylor Ward1221017%9:03
5 vs 5 Defense
Line #DefenseDefensePHYDFOFWanted %Time %Time Play
1Zac JonesGustav Lindström1224038%20:19
2Mark FriedmanTobie Bisson1223032%16:59
3Luke RoweJack Millar1222023%12:24
4Zac JonesGustav Lindström122106%3:07
Power Play Forward
Line #Left WingCenterRight WingPHYDFOFWanted %Time %Time Play
1Michael PezzettaOskar BackCarl Grundstrom1226053%1:03
2Ivan MiroshnichenkoBrian PinhoDalibor Dvorsky1224047%0:56
Power Play Defense
Line #DefenseDefensePHYDFOFWanted %Time %Time Play
1Zac JonesGustav Lindström1226064%1:16
2Mark FriedmanTobie Bisson1224036%0:43
Penalty Kill 4 Players Forward
Line #CenterWingPHYDFOFWanted %Time %Time Play
1Oskar BackMichael Pezzetta1226087%3:29
2Brian PinhoIvan Miroshnichenko1224013%0:30
Penalty Kill 4 Players Defense
Line #DefenseDefensePHYDFOFWanted %Time %Time Play
1Zac JonesGustav Lindström1226066%2:38
2Mark FriedmanTobie Bisson1224034%1:21
Penalty Kill 3 Players
Line #WingPHYDFOFWanted %Time %Time PlayDefenseDefensePHYDFOFWanted %Time %Time Play
1Oskar Back122600%0:00 Zac JonesGustav Lindström122600%0:00
2Brian Pinho122400%0:00 Mark FriedmanTobie Bisson122400%0:00
4 vs 4 Forward
Line #CenterWingPHYDFOFWanted %Time %Time Play
1Oskar BackMichael Pezzetta122600%0:00
2Brian PinhoIvan Miroshnichenko122400%0:00
4 vs 4 Defense
Line #DefensePHYDFOFWanted %Time %Time Play
1Zac JonesGustav Lindström122600%0:00
2Mark FriedmanTobie Bisson122400%0:00
Last Minutes Offensive
Left WingCenterRight WingDefenseDefense
Michael PezzettaOskar BackCarl GrundstromZac JonesGustav Lindström
Last Minutes Defensive
Left WingCenterRight WingDefenseDefense
Michael PezzettaOskar BackCarl GrundstromZac JonesGustav Lindström
Time
Total ForwardTotal DefenseLast Minutes OffensiveLast Minutes Defensive
60:00 60:00 0:001:13
Extra Forwards
Normal PowerPlayPenalty Kill
Brian Pinho, Devin Kaplan, Taylor WardBrian Pinho, Devin KaplanBrian Pinho
Extra Defensemen
Normal PowerPlayPenalty Kill
Tobie Bisson, Luke Rowe, Jack MillarTobie Bisson, Tobie BissonLuke Rowe
Penalty Shots
Carl Grundstrom, Michael Pezzetta, Oskar Back, Ivan Miroshnichenko, Brian Pinho
Goalie
Alex Lyon, Isaac Poulter
Scratches
Matt Filipe (Healthy), Noah Laba (Healthy), Donovan Sebrango (Healthy), Daniil Chayka (Healthy), Lucas Edmonds (Healthy) Michael Milne (Healthy), Oskar Olausson (Healthy), Raivis Ansons (Healthy)

Griffins

5 vs 5 Forward
Line #Left WingCenterRight WingPHYDFOFWanted %Time %Time Play
1T.J. TynanJiri KulichConor Geekie0323530%15:46
2Anton WahlbergCole SchwindtEmil Heineman0323430%15:45
3Mason GeertsenFrancesco PinelliJacob Melanson0322623%12:09
4Tim GettingerKeean WashkurakBrett Chorske032517%9:09
5 vs 5 Defense
Line #DefenseDefensePHYDFOFWanted %Time %Time Play
1Topias VilenJacob MacDonald0323536%18:58
2Aaron NessSam Rinzel0323435%18:18
3Elias Petterssen 2Xavier Bernard0322626%13:51
4Elias Petterssen 2Sam Rinzel03253%1:42
Power Play Forward
Line #Left WingCenterRight WingPHYDFOFWanted %Time %Time Play
1T.J. TynanJiri KulichConor Geekie0235161%2:26
2Anton WahlbergCole SchwindtEmil Heineman0234939%1:33
Power Play Defense
Line #DefenseDefensePHYDFOFWanted %Time %Time Play
1Topias VilenJacob MacDonald0235162%2:29
2Sam RinzelElias Petterssen 20234938%1:30
Penalty Kill 4 Players Forward
Line #CenterWingPHYDFOFWanted %Time %Time Play
1Cole SchwindtEmil Heineman0325458%1:09
2Jiri KulichT.J. Tynan0324642%0:50
Penalty Kill 4 Players Defense
Line #DefenseDefensePHYDFOFWanted %Time %Time Play
1Topias VilenJacob MacDonald0325458%1:09
2Aaron NessSam Rinzel0324642%0:50
Penalty Kill 3 Players
Line #WingPHYDFOFWanted %Time %Time PlayDefenseDefensePHYDFOFWanted %Time %Time Play
1Cole Schwindt032540%0:00 Topias VilenJacob MacDonald032540%0:00
2Jiri Kulich032460%0:00 Aaron NessSam Rinzel032460%0:00
4 vs 4 Forward
Line #CenterWingPHYDFOFWanted %Time %Time Play
1Jiri KulichConor Geekie032510%0:00
2Cole SchwindtEmil Heineman032490%0:00
4 vs 4 Defense
Line #DefensePHYDFOFWanted %Time %Time Play
1Topias VilenJacob MacDonald032510%0:00
2Elias Petterssen 2Sam Rinzel032490%0:00
Last Minutes Offensive
Left WingCenterRight WingDefenseDefense
Emil HeinemanJiri KulichCole SchwindtJacob MacDonaldSam Rinzel
Last Minutes Defensive
Left WingCenterRight WingDefenseDefense
Emil HeinemanJiri KulichCole SchwindtJacob MacDonaldSam Rinzel
Time
Total ForwardTotal DefenseLast Minutes OffensiveLast Minutes Defensive
60:00 60:00 1:130:00
Extra Forwards
Normal PowerPlayPenalty Kill
Cole Schwindt, Jiri Kulich, Conor GeekieJacob MacDonald, Francesco PinelliConor Geekie
Extra Defensemen
Normal PowerPlayPenalty Kill
Sam Rinzel, Jacob MacDonald, Topias VilenAaron Ness, Xavier BernardElias Petterssen 2
Penalty Shots
Jiri Kulich, Jacob MacDonald, Emil Heineman, Cole Schwindt, Conor Geekie
Goalie
James Reimer, Sebastian Cossa
Scratches
Danny Zhilkin (Healthy), Gavin Hain (Healthy), Brandon Coe (Healthy), Jacob Perreault (Healthy), Tory Dello (Healthy) Reece Newkirk (Healthy), Ronan Seeley (Healthy), Tyrel Bauer (Healthy), Martin Jones (Healthy), Jakub Skarek (Healthy) Jan Bednar (Healthy), Mads Sogaard (Healthy)


Play-by-Play

1st period


0:01 of 1st period - Jiri Kulich wins face-off versus Oskar Back in neutral zone.
0:34 of 1st period - Slapshot by Emil Heineman.
0:34 of 1st period - Stopped by Alex Lyon with a rebound.
1:48 of 1st period - Wrist shot by Carl Grundstrom.
1:48 of 1st period - Shot Misses the Net.
1:50 of 1st period - Slapshot by Mark Friedman.
1:50 of 1st period - Shot Blocked by Xavier Bernard.
1:52 of 1st period - Slapshot by Mark Friedman.
1:52 of 1st period - Deflect By Ivan Miroshnichenko.
1:52 of 1st period - Stopped by James Reimer without a rebound.
1:53 of 1st period - Cole Schwindt wins face-off versus Brian Pinho in Griffins zone.
2:59 of 1st period - Cole Schwindt is hit by Zac Jones and loses puck.
3:06 of 1st period - Reid Schaefer is hit by Cole Schwindt and loses puck.
3:59 of 1st period - Wrist shot by T.J. Tynan.
3:59 of 1st period - Deflect By Jiri Kulich.
3:59 of 1st period - Shot Blocked by Jack Millar.
3:59 of 1st period - Puck is out of play.
4:00 of 1st period - Jiri Kulich wins face-off versus Brian Pinho in Wolf Pack zone.
4:07 of 1st period - Snap shot by Jiri Kulich.
4:07 of 1st period - Shot Misses the Net.
4:09 of 1st period - Wrist shot by Conor Geekie.
4:09 of 1st period - Stopped by Alex Lyon without a rebound.
4:10 of 1st period - Cole Schwindt wins face-off versus Oskar Back in Wolf Pack zone.
4:11 of 1st period - Wrist shot by Emil Heineman.
4:11 of 1st period - Stopped by Alex Lyon with a rebound.
4:43 of 1st period - Snap shot by Conor Geekie.
4:43 of 1st period - Stopped by Alex Lyon without a rebound.
4:44 of 1st period - Francesco Pinelli wins face-off versus Logan Brown in Wolf Pack zone.
4:54 of 1st period - Snap shot by Jacob Melanson.
4:54 of 1st period - Stopped by Alex Lyon with a rebound.
5:00 of 1st period - Snap shot by Francesco Pinelli.
5:00 of 1st period - Stopped by Alex Lyon without a rebound.
5:01 of 1st period - Jiri Kulich wins face-off versus Oskar Back in Wolf Pack zone.
5:16 of 1st period - Slapshot by Conor Geekie.
5:16 of 1st period - Stopped by Alex Lyon with a rebound.
6:36 of 1st period - Backhand shot by Oskar Back.
6:36 of 1st period - Stopped by James Reimer without a rebound.
6:37 of 1st period - Brian Pinho wins face-off versus Cole Schwindt in Griffins zone.
6:45 of 1st period - Slapshot by Ivan Miroshnichenko.
6:45 of 1st period - Deflect By Dalibor Dvorsky.
6:45 of 1st period - Shot Blocked by Anton Wahlberg.
6:45 of 1st period - Puck is out of play.
6:46 of 1st period - Cole Schwindt wins face-off versus Brian Pinho in Griffins zone.
6:46 of 1st period - Cole Schwindt is hit by Dalibor Dvorsky.
7:12 of 1st period - Icing by Cole Schwindt.
7:13 of 1st period - Cole Schwindt wins face-off versus Oskar Back in Griffins zone.
7:24 of 1st period - Cole Schwindt is hit by Carl Grundstrom and loses puck.
8:24 of 1st period - Slapshot by Tim Gettinger.
8:24 of 1st period - Shot Blocked by Tobie Bisson.
9:26 of 1st period - Jacob MacDonald is hit by Brian Pinho and loses puck.
9:31 of 1st period - Slapshot by Ivan Miroshnichenko.
9:31 of 1st period - Shot Blocked by Topias Vilen.
9:33 of 1st period - Wrist shot by Dalibor Dvorsky.
9:33 of 1st period - Shot Misses the Net.
9:51 of 1st period - Wrist shot by Jacob Melanson.
9:51 of 1st period - Shot Misses the Net.
9:53 of 1st period - Snap shot by Topias Vilen.
9:53 of 1st period - Stopped by Alex Lyon without a rebound.
9:54 of 1st period - Dalibor Dvorsky wins face-off versus Jiri Kulich in Wolf Pack zone.
9:54 of 1st period - Dalibor Dvorsky is hit by Jiri Kulich.
10:04 of 1st period - Snap shot by Ivan Miroshnichenko.
10:04 of 1st period - Stopped by James Reimer without a rebound.
10:05 of 1st period - Jiri Kulich wins face-off versus Oskar Back in Griffins zone.
10:30 of 1st period - William Stromgren is hit by Francesco Pinelli.
10:38 of 1st period - Slapshot by Zac Jones.
10:38 of 1st period - Shot Misses the Net.
10:40 of 1st period - Snap shot by Devin Kaplan.
10:40 of 1st period - Stopped by James Reimer with a rebound.
11:29 of 1st period - Snap shot by Oskar Back.
11:29 of 1st period - Stopped by James Reimer with a rebound.
12:22 of 1st period - Wrist shot by Brian Pinho.
12:22 of 1st period - Shot Misses the Net.
12:24 of 1st period - Wrist shot by Brian Pinho.
12:24 of 1st period - Stopped by James Reimer with a rebound.
13:40 of 1st period - Jacob Melanson is hit by Gustav Lindström and loses puck.
13:45 of 1st period - Wrist shot by Ivan Miroshnichenko.
13:45 of 1st period - Stopped by James Reimer with a rebound.
13:47 of 1st period - Slapshot by Gustav Lindström.
13:47 of 1st period - Shot Blocked by Topias Vilen.
14:31 of 1st period - Off-side.
14:32 of 1st period - Brian Pinho wins face-off versus Jiri Kulich in neutral zone.
14:41 of 1st period - Conor Geekie is hit by Jack Millar and loses puck.
15:04 of 1st period - Wrist shot by Emil Heineman.
15:04 of 1st period - Deflect By Cole Schwindt.
15:04 of 1st period - Stopped by Alex Lyon with a rebound.
15:28 of 1st period - Slapshot by Francesco Pinelli.
15:28 of 1st period - Shot Misses the Net.
15:30 of 1st period - Wrist shot by Mason Geertsen.
15:30 of 1st period - Shot Misses the Net.
15:46 of 1st period - Off-side.
15:47 of 1st period - Jiri Kulich wins face-off versus Logan Brown in neutral zone.
15:50 of 1st period - Snap shot by Conor Geekie.
15:50 of 1st period - Deflect By Jiri Kulich.
15:50 of 1st period - Shot Blocked by Gustav Lindström.
15:50 of 1st period - Puck is out of play.
15:51 of 1st period - T.J. Tynan wins face-off versus Carl Grundstrom in Wolf Pack zone.
16:38 of 1st period - Slapshot by Taylor Ward.
16:38 of 1st period - Stopped by James Reimer with a rebound.
16:40 of 1st period - Snap shot by Taylor Ward.
16:40 of 1st period - Shot Misses the Net.
16:42 of 1st period - Wrist shot by Reid Schaefer.
16:42 of 1st period - Shot Misses the Net.
17:21 of 1st period - Snap shot by Devin Kaplan.
17:21 of 1st period - Shot Misses the Net.
17:27 of 1st period - Wrist shot by Logan Brown.
17:27 of 1st period - Deflect By Devin Kaplan.
17:27 of 1st period - Shot Misses the Net.
17:27 of 1st period - Puck is out of play.
17:28 of 1st period - Oskar Back wins face-off versus T.J. Tynan in Griffins zone.
17:37 of 1st period - Wrist shot by Carl Grundstrom.
17:37 of 1st period - Shot Blocked by Jiri Kulich.
17:55 of 1st period - Snap shot by Cole Schwindt.
17:55 of 1st period - Shot Misses the Net.
18:02 of 1st period - Minor Penalty to Dalibor Dvorsky for Roughing.
18:03 of 1st period - Jiri Kulich wins face-off versus Oskar Back in Wolf Pack zone.
18:03 of 1st period - Snap shot by Conor Geekie.
18:03 of 1st period - Goal by Conor Geekie - Wolf Pack : 0 - Griffins : 1.
18:04 of 1st period - Cole Schwindt wins face-off versus Oskar Back in neutral zone.
18:14 of 1st period - Off-side.
18:15 of 1st period - T.J. Tynan wins face-off versus Michael Pezzetta in neutral zone.
18:25 of 1st period - Off-side.
18:26 of 1st period - Oskar Back wins face-off versus Jiri Kulich in neutral zone.
18:29 of 1st period - Conor Geekie is hit by Michael Pezzetta and loses puck.
18:42 of 1st period - Carl Grundstrom is hit by Jiri Kulich and loses puck.
19:59 of 1st period - Michael Pezzetta is hit by Jiri Kulich and loses puck.
Goals for this period are 0 for Wolf Pack vs 1 for Griffins.
Shots for this period are 8 for Wolf Pack vs 10 for Griffins.

2nd period


0:01 of 2nd period - Cole Schwindt wins face-off versus Michael Pezzetta in neutral zone.
0:08 of 2nd period - Wrist shot by Cole Schwindt.
0:08 of 2nd period - Shot Misses the Net.
0:10 of 2nd period - Slapshot by Topias Vilen.
0:10 of 2nd period - Shot Misses the Net.
0:12 of 2nd period - Snap shot by Topias Vilen.
0:12 of 2nd period - Stopped by Alex Lyon without a rebound.
0:13 of 2nd period - Oskar Back wins face-off versus Jiri Kulich in Wolf Pack zone.
0:24 of 2nd period - Snap shot by Carl Grundstrom.
0:24 of 2nd period - Shot Misses the Net.
0:26 of 2nd period - Snap shot by Carl Grundstrom.
0:26 of 2nd period - Shot Misses the Net.
0:28 of 2nd period - Snap shot by Oskar Back.
0:28 of 2nd period - Shot Blocked by T.J. Tynan.
0:40 of 2nd period - Sam Rinzel is hit by Brian Pinho and loses puck.
1:01 of 2nd period - Wrist shot by William Stromgren.
1:01 of 2nd period - Stopped by James Reimer with a rebound.
1:03 of 2nd period - Slapshot by Tobie Bisson.
1:03 of 2nd period - Stopped by James Reimer with a rebound.
1:05 of 2nd period - Wrist shot by William Stromgren.
1:05 of 2nd period - Deflect By Devin Kaplan.
1:05 of 2nd period - Shot Blocked by Elias Petterssen 2.
1:05 of 2nd period - Puck is out of play.
1:06 of 2nd period - Conor Geekie wins face-off versus Michael Pezzetta in Griffins zone.
1:15 of 2nd period - Snap shot by Jiri Kulich.
1:15 of 2nd period - Shot Blocked by Jack Millar.
1:17 of 2nd period - Slapshot by Jacob MacDonald.
1:17 of 2nd period - Stopped by Alex Lyon with a rebound.
1:19 of 2nd period - Wrist shot by Conor Geekie.
1:19 of 2nd period - Stopped by Alex Lyon with a rebound.
1:21 of 2nd period - Snap shot by Jacob MacDonald.
1:21 of 2nd period - Shot Blocked by Jack Millar.
1:31 of 2nd period - Jacob MacDonald is hit by Dalibor Dvorsky and loses puck.
1:51 of 2nd period - Elias Petterssen 2 is hit by William Stromgren and loses puck.
2:41 of 2nd period - Wrist shot by Michael Pezzetta.
2:41 of 2nd period - Goal by Michael Pezzetta - Wolf Pack : 1 - Griffins : 1.
2:42 of 2nd period - Cole Schwindt wins face-off versus Oskar Back in neutral zone.
2:45 of 2nd period - Tobie Bisson is hit by Emil Heineman and loses puck.
2:50 of 2nd period - Wrist shot by Cole Schwindt.
2:50 of 2nd period - Deflect By Anton Wahlberg.
2:50 of 2nd period - Stopped by Alex Lyon without a rebound.
2:51 of 2nd period - Cole Schwindt wins face-off versus Oskar Back in Wolf Pack zone.
2:54 of 2nd period - Slapshot by Emil Heineman.
2:54 of 2nd period - Stopped by Alex Lyon with a rebound.
2:56 of 2nd period - Snap shot by Anton Wahlberg.
2:56 of 2nd period - Shot Misses the Net.
2:58 of 2nd period - Snap shot by Topias Vilen.
2:58 of 2nd period - Stopped by Alex Lyon without a rebound.
2:59 of 2nd period - Oskar Back wins face-off versus Francesco Pinelli in Wolf Pack zone.
3:04 of 2nd period - Wrist shot by Carl Grundstrom.
3:04 of 2nd period - Stopped by James Reimer without a rebound.
3:05 of 2nd period - Oskar Back wins face-off versus Francesco Pinelli in Griffins zone.
3:13 of 2nd period - Minor Penalty to Francesco Pinelli for Slashing.
3:14 of 2nd period - Cole Schwindt wins face-off versus Oskar Back in Griffins zone.
3:26 of 2nd period - Wrist shot by Gustav Lindström.
3:26 of 2nd period - Stopped by James Reimer with a rebound.
4:44 of 2nd period - Topias Vilen is hit by Carl Grundstrom and loses puck.
5:13 of 2nd period - Penalty to Francesco Pinelli is over, Francesco Pinelli is back on ice.
5:35 of 2nd period - Snap shot by T.J. Tynan.
5:35 of 2nd period - Stopped by Alex Lyon with a rebound.
5:53 of 2nd period - Snap shot by William Stromgren.
5:53 of 2nd period - Stopped by James Reimer with a rebound.
6:03 of 2nd period - Slapshot by Jiri Kulich.
6:03 of 2nd period - Shot Blocked by Gustav Lindström.
6:05 of 2nd period - Snap shot by Francesco Pinelli.
6:05 of 2nd period - Deflect By William Stromgren.
6:05 of 2nd period - Stopped by Alex Lyon with a rebound.
6:07 of 2nd period - Slapshot by Sam Rinzel.
6:07 of 2nd period - Shot Misses the Net.
6:25 of 2nd period - Backhand shot by Zac Jones.
6:25 of 2nd period - Shot Misses the Net.
7:13 of 2nd period - Slapshot by Sam Rinzel.
7:13 of 2nd period - Stopped by Alex Lyon without a rebound.
7:14 of 2nd period - Cole Schwindt wins face-off versus Oskar Back in Wolf Pack zone.
7:40 of 2nd period - Brett Chorske is hit by Dalibor Dvorsky and loses puck.
8:07 of 2nd period - Snap shot by Reid Schaefer.
8:07 of 2nd period - Shot Misses the Net.
8:18 of 2nd period - Off-side.
8:19 of 2nd period - Keean Washkurak wins face-off versus Oskar Back in neutral zone.
9:15 of 2nd period - Slapshot by Cole Schwindt.
9:15 of 2nd period - Stopped by Alex Lyon without a rebound.
9:16 of 2nd period - Oskar Back wins face-off versus Cole Schwindt in Wolf Pack zone.
9:21 of 2nd period - Anton Wahlberg is hit by Michael Pezzetta and loses puck.
10:04 of 2nd period - Brian Pinho is hit by Jacob Melanson and loses puck.
10:12 of 2nd period - Icing by Mark Friedman.
10:13 of 2nd period - Keean Washkurak wins face-off versus Brian Pinho in Wolf Pack zone.
10:14 of 2nd period - Wrist shot by Tim Gettinger.
10:14 of 2nd period - Stopped by Alex Lyon without a rebound.
10:15 of 2nd period - Keean Washkurak wins face-off versus Oskar Back in Wolf Pack zone.
10:40 of 2nd period - Aaron Ness is hit by Dalibor Dvorsky and loses puck.
11:25 of 2nd period - Conor Geekie is hit by Logan Brown and loses puck.
12:05 of 2nd period - Gustav Lindström is hit by T.J. Tynan and loses puck.
12:16 of 2nd period - Snap shot by Jiri Kulich.
12:16 of 2nd period - Stopped by Alex Lyon without a rebound.
12:17 of 2nd period - Francesco Pinelli wins face-off versus Oskar Back in Wolf Pack zone.
12:18 of 2nd period - Wrist shot by Jacob Melanson.
12:18 of 2nd period - Stopped by Alex Lyon with a rebound.
12:28 of 2nd period - Snap shot by Francesco Pinelli.
12:28 of 2nd period - Shot Misses the Net.
12:30 of 2nd period - Wrist shot by Mason Geertsen.
12:30 of 2nd period - Shot Blocked by Michael Pezzetta.
12:32 of 2nd period - Snap shot by Jacob Melanson.
12:32 of 2nd period - Stopped by Alex Lyon without a rebound.
12:33 of 2nd period - Emil Heineman wins face-off versus Brian Pinho in Wolf Pack zone.
12:37 of 2nd period - Minor Penalty to Dalibor Dvorsky for Roughing.
12:38 of 2nd period - Cole Schwindt wins face-off versus Oskar Back in Wolf Pack zone.
12:52 of 2nd period - Slapshot by Jacob MacDonald.
12:52 of 2nd period - Shot Blocked by Oskar Back.
12:54 of 2nd period - Snap shot by Cole Schwindt.
12:54 of 2nd period - Deflect By Emil Heineman.
12:54 of 2nd period - Stopped by Alex Lyon without a rebound.
12:55 of 2nd period - Oskar Back wins face-off versus Jiri Kulich in Wolf Pack zone.
13:00 of 2nd period - Jacob MacDonald is hit by Gustav Lindström and loses puck.
13:11 of 2nd period - Snap shot by Conor Geekie.
13:11 of 2nd period - Stopped by Alex Lyon without a rebound.
13:12 of 2nd period - Cole Schwindt wins face-off versus Oskar Back in Wolf Pack zone.
13:19 of 2nd period - Snap shot by Cole Schwindt.
13:19 of 2nd period - Shot Misses the Net.
13:23 of 2nd period - Snap shot by Emil Heineman.
13:23 of 2nd period - Deflect By Zac Jones.
13:23 of 2nd period - Shot Misses the Net.
13:23 of 2nd period - Puck is out of play.
13:24 of 2nd period - Jiri Kulich wins face-off versus Oskar Back in Wolf Pack zone.
13:29 of 2nd period - Wrist shot by Conor Geekie.
13:29 of 2nd period - Stopped by Alex Lyon without a rebound.
13:30 of 2nd period - T.J. Tynan wins face-off versus Oskar Back in Wolf Pack zone.
13:31 of 2nd period - Snap shot by Jiri Kulich.
13:31 of 2nd period - Stopped by Alex Lyon without a rebound.
13:32 of 2nd period - Oskar Back wins face-off versus Jiri Kulich in Wolf Pack zone.
14:01 of 2nd period - Snap shot by Conor Geekie.
14:01 of 2nd period - Shot Blocked by Michael Pezzetta.
14:15 of 2nd period - Ivan Miroshnichenko is hit by T.J. Tynan and loses puck.
14:37 of 2nd period - Penalty to Dalibor Dvorsky is over, Dalibor Dvorsky is back on ice.
14:50 of 2nd period - Tobie Bisson is hit by Jiri Kulich and loses puck.
14:57 of 2nd period - Snap shot by Conor Geekie.
14:57 of 2nd period - Shot Misses the Net.
14:59 of 2nd period - Slapshot by Jacob MacDonald.
14:59 of 2nd period - Stopped by Alex Lyon with a rebound.
15:01 of 2nd period - Wrist shot by T.J. Tynan.
15:01 of 2nd period - Goal by T.J. Tynan - Wolf Pack : 1 - Griffins : 2.
15:02 of 2nd period - Francesco Pinelli wins face-off versus Brian Pinho in neutral zone.
15:47 of 2nd period - Slapshot by Luke Rowe.
15:47 of 2nd period - Stopped by James Reimer without a rebound.
15:48 of 2nd period - Logan Brown wins face-off versus Keean Washkurak in Griffins zone.
15:51 of 2nd period - Wrist shot by Devin Kaplan.
15:51 of 2nd period - Shot Misses the Net.
15:53 of 2nd period - Slapshot by William Stromgren.
15:53 of 2nd period - Shot Misses the Net.
15:55 of 2nd period - Wrist shot by William Stromgren.
15:55 of 2nd period - Deflect By Logan Brown.
15:55 of 2nd period - Shot Misses the Net.
15:55 of 2nd period - Puck is out of play.
15:56 of 2nd period - Jacob Melanson wins face-off versus Oskar Back in Griffins zone.
16:01 of 2nd period - Gustav Lindström is hit by Jacob Melanson and loses puck.
16:29 of 2nd period - Snap shot by Cole Schwindt.
16:29 of 2nd period - Shot Misses the Net.
16:59 of 2nd period - Mark Friedman is hit by Topias Vilen and loses puck.
17:19 of 2nd period - Off-side.
17:20 of 2nd period - Jiri Kulich wins face-off versus Oskar Back in neutral zone.
17:40 of 2nd period - Zac Jones is hit by Jiri Kulich.
18:14 of 2nd period - Devin Kaplan is hit by Tim Gettinger and loses puck.
19:35 of 2nd period - Dalibor Dvorsky is hit by Keean Washkurak and loses puck.
19:42 of 2nd period - Snap shot by Tim Gettinger.
19:42 of 2nd period - Stopped by Alex Lyon with a rebound.
Goals for this period are 1 for Wolf Pack vs 1 for Griffins.
Shots for this period are 7 for Wolf Pack vs 21 for Griffins.

3rd period


0:01 of 3rd period - Oskar Back wins face-off versus Jiri Kulich in neutral zone.
0:31 of 3rd period - Slapshot by Jacob MacDonald.
0:31 of 3rd period - Stopped by Alex Lyon without a rebound.
0:31 of 3rd period - Minor Penalty to Alex Lyon for Slashing.
0:32 of 3rd period - Oskar Back wins face-off versus Cole Schwindt in Wolf Pack zone.
0:32 of 3rd period - Oskar Back is hit by Sam Rinzel.
0:52 of 3rd period - Oskar Back is hit by Cole Schwindt and loses puck.
2:31 of 3rd period - Penalty to Brian Pinho is over, Brian Pinho is back on ice.
2:40 of 3rd period - Jack Millar is hit by Topias Vilen and loses puck.
3:03 of 3rd period - Snap shot by Brian Pinho.
3:03 of 3rd period - Shot Blocked by Brett Chorske.
3:05 of 3rd period - Backhand shot by Zac Jones.
3:05 of 3rd period - Stopped by James Reimer with a rebound.
3:07 of 3rd period - Snap shot by Ivan Miroshnichenko.
3:07 of 3rd period - Stopped by James Reimer with a rebound.
3:09 of 3rd period - Wrist shot by Luke Rowe.
3:09 of 3rd period - Shot Misses the Net.
3:11 of 3rd period - Slapshot by Logan Brown.
3:11 of 3rd period - Deflect By Brian Pinho.
3:11 of 3rd period - Stopped by James Reimer with a rebound.
3:35 of 3rd period - Snap shot by Brett Chorske.
3:35 of 3rd period - Stopped by Alex Lyon without a rebound.
3:36 of 3rd period - Francesco Pinelli wins face-off versus Oskar Back in Wolf Pack zone.
4:40 of 3rd period - Jack Millar is hit by Sam Rinzel and loses puck.
4:47 of 3rd period - Reid Schaefer is hit by Sam Rinzel and loses puck.
5:24 of 3rd period - Luke Rowe is hit by Anton Wahlberg and loses puck.
5:48 of 3rd period - Off-side.
5:49 of 3rd period - Jiri Kulich wins face-off versus Brian Pinho in neutral zone.
6:00 of 3rd period - Snap shot by Brian Pinho.
6:00 of 3rd period - Goal by Brian Pinho - Wolf Pack : 2 - Griffins : 2.
6:01 of 3rd period - Jiri Kulich wins face-off versus Brian Pinho in neutral zone.
6:28 of 3rd period - Jacob Melanson is hit by Carl Grundstrom and loses puck.
7:37 of 3rd period - Snap shot by Francesco Pinelli.
7:37 of 3rd period - Stopped by Alex Lyon with a rebound.
7:39 of 3rd period - Snap shot by Jacob Melanson.
7:39 of 3rd period - Shot Misses the Net.
7:49 of 3rd period - Michael Pezzetta is hit by Sam Rinzel and loses puck.
8:10 of 3rd period - Wrist shot by Cole Schwindt.
8:10 of 3rd period - Stopped by Alex Lyon with a rebound.
8:12 of 3rd period - Slapshot by Jacob MacDonald.
8:12 of 3rd period - Shot Blocked by William Stromgren.
8:14 of 3rd period - Slapshot by Jacob MacDonald.
8:14 of 3rd period - Shot Misses the Net.
8:46 of 3rd period - Icing by Sam Rinzel.
8:47 of 3rd period - Ryder Korczak wins face-off versus Francesco Pinelli in Griffins zone.
8:50 of 3rd period - Snap shot by Taylor Ward.
8:50 of 3rd period - Shot Misses the Net.
9:35 of 3rd period - Snap shot by Francesco Pinelli.
9:35 of 3rd period - Deflect By Jacob Melanson.
9:35 of 3rd period - Stopped by Alex Lyon with a rebound.
9:39 of 3rd period - Snap shot by Mason Geertsen.
9:39 of 3rd period - Stopped by Alex Lyon without a rebound.
9:40 of 3rd period - Carl Grundstrom wins face-off versus Jiri Kulich in Wolf Pack zone.
9:45 of 3rd period - Snap shot by Mark Friedman.
9:45 of 3rd period - Shot Misses the Net.
10:05 of 3rd period - Anton Wahlberg is hit by Dalibor Dvorsky and loses puck.
10:10 of 3rd period - Snap shot by Ivan Miroshnichenko.
10:10 of 3rd period - Shot Misses the Net.
10:26 of 3rd period - Wrist shot by Ivan Miroshnichenko.
10:26 of 3rd period - Stopped by James Reimer without a rebound.
10:27 of 3rd period - Logan Brown wins face-off versus Keean Washkurak in Griffins zone.
10:36 of 3rd period - Slapshot by Devin Kaplan.
10:36 of 3rd period - Shot Blocked by Brett Chorske.
10:38 of 3rd period - Wrist shot by William Stromgren.
10:38 of 3rd period - Shot Misses the Net.
10:40 of 3rd period - Snap shot by Devin Kaplan.
10:40 of 3rd period - Shot Misses the Net.
10:42 of 3rd period - Snap shot by Devin Kaplan.
10:42 of 3rd period - Shot Hit the Post.
10:52 of 3rd period - Elias Petterssen 2 is hit by Ivan Miroshnichenko and loses puck.
11:17 of 3rd period - Wrist shot by Taylor Ward.
11:17 of 3rd period - Stopped by James Reimer with a rebound.
11:19 of 3rd period - Snap shot by Reid Schaefer.
11:19 of 3rd period - Stopped by James Reimer without a rebound.
11:20 of 3rd period - Jiri Kulich wins face-off versus Ryder Korczak in Griffins zone.
11:55 of 3rd period - Slapshot by Jack Millar.
11:55 of 3rd period - Stopped by James Reimer with a rebound.
11:57 of 3rd period - Snap shot by Luke Rowe.
11:57 of 3rd period - Stopped by James Reimer without a rebound.
11:58 of 3rd period - Jiri Kulich wins face-off versus Michael Pezzetta in Griffins zone.
12:32 of 3rd period - Snap shot by Carl Grundstrom.
12:32 of 3rd period - Shot Misses the Net.
12:34 of 3rd period - Slapshot by Tobie Bisson.
12:34 of 3rd period - Shot Blocked by Topias Vilen.
12:36 of 3rd period - Slapshot by Mark Friedman.
12:36 of 3rd period - Stopped by James Reimer with a rebound.
12:38 of 3rd period - Wrist shot by Michael Pezzetta.
12:38 of 3rd period - Stopped by James Reimer with a rebound.
12:40 of 3rd period - Snap shot by Oskar Back.
12:40 of 3rd period - Shot Blocked by Francesco Pinelli.
12:42 of 3rd period - Snap shot by Tobie Bisson.
12:42 of 3rd period - Stopped by James Reimer without a rebound.
12:43 of 3rd period - Jiri Kulich wins face-off versus Brian Pinho in Griffins zone.
12:52 of 3rd period - Slapshot by Zac Jones.
12:52 of 3rd period - Shot Misses the Net.
12:54 of 3rd period - Snap shot by Brian Pinho.
12:54 of 3rd period - Goal by Brian Pinho - Wolf Pack : 3 - Griffins : 2.
12:55 of 3rd period - Jiri Kulich wins face-off versus Oskar Back in neutral zone.
13:09 of 3rd period - Wrist shot by Conor Geekie.
13:09 of 3rd period - Deflect By Jiri Kulich.
13:09 of 3rd period - Shot Blocked by Gustav Lindström.
13:09 of 3rd period - Puck is out of play.
13:10 of 3rd period - Brian Pinho wins face-off versus Cole Schwindt in Wolf Pack zone.
13:22 of 3rd period - Wrist shot by Cole Schwindt.
13:22 of 3rd period - Goal by Cole Schwindt - Wolf Pack : 3 - Griffins : 3.
13:23 of 3rd period - Oskar Back wins face-off versus Jiri Kulich in neutral zone.
13:26 of 3rd period - Wrist shot by Carl Grundstrom.
13:26 of 3rd period - Deflect By Conor Geekie.
13:26 of 3rd period - Shot Misses the Net.
13:26 of 3rd period - Puck is out of play.
13:27 of 3rd period - Jiri Kulich wins face-off versus Oskar Back in Griffins zone.
13:56 of 3rd period - Slapshot by Ivan Miroshnichenko.
13:56 of 3rd period - Stopped by James Reimer without a rebound.
13:57 of 3rd period - Cole Schwindt wins face-off versus Brian Pinho in Griffins zone.
14:31 of 3rd period - Snap shot by Francesco Pinelli.
14:31 of 3rd period - Shot Misses the Net.
14:34 of 3rd period - Icing by Dalibor Dvorsky.
14:35 of 3rd period - Jiri Kulich wins face-off versus Brian Pinho in Wolf Pack zone.
14:42 of 3rd period - Slapshot by Brian Pinho.
14:42 of 3rd period - Shot Hit the Post.
14:44 of 3rd period - Slapshot by Mark Friedman.
14:44 of 3rd period - Stopped by James Reimer with a rebound.
14:46 of 3rd period - Wrist shot by Ivan Miroshnichenko.
14:46 of 3rd period - Shot Misses the Net.
14:48 of 3rd period - Slapshot by Mark Friedman.
14:48 of 3rd period - Shot Misses the Net.
14:50 of 3rd period - Wrist shot by Ivan Miroshnichenko.
14:50 of 3rd period - Shot Blocked by Xavier Bernard.
14:52 of 3rd period - Snap shot by Dalibor Dvorsky.
14:52 of 3rd period - Stopped by James Reimer with a rebound.
14:54 of 3rd period - Wrist shot by Tobie Bisson.
14:54 of 3rd period - Stopped by James Reimer with a rebound.
14:56 of 3rd period - Snap shot by Dalibor Dvorsky.
14:56 of 3rd period - Stopped by James Reimer with a rebound.
14:58 of 3rd period - Slapshot by Tobie Bisson.
14:58 of 3rd period - Shot Blocked by Xavier Bernard.
15:00 of 3rd period - Slapshot by Tobie Bisson.
15:00 of 3rd period - Stopped by James Reimer with a rebound.
15:02 of 3rd period - Wrist shot by Ivan Miroshnichenko.
15:02 of 3rd period - Shot Misses the Net.
15:04 of 3rd period - Slapshot by Mark Friedman.
15:04 of 3rd period - Shot Misses the Net.
15:06 of 3rd period - Slapshot by Brian Pinho.
15:06 of 3rd period - Shot Misses the Net.
15:12 of 3rd period - Slapshot by Ivan Miroshnichenko.
15:12 of 3rd period - Stopped by James Reimer with a rebound.
15:14 of 3rd period - Slapshot by Tobie Bisson.
15:14 of 3rd period - Stopped by James Reimer with a rebound.
15:16 of 3rd period - Slapshot by Ivan Miroshnichenko.
15:16 of 3rd period - Stopped by James Reimer with a rebound.
15:18 of 3rd period - Snap shot by Brian Pinho.
15:18 of 3rd period - Shot Misses the Net.
15:20 of 3rd period - Slapshot by Tobie Bisson.
15:20 of 3rd period - Deflect By Ivan Miroshnichenko.
15:20 of 3rd period - Shot Misses the Net.
15:20 of 3rd period - Puck is out of play.
15:21 of 3rd period - Francesco Pinelli wins face-off versus Oskar Back in Griffins zone.
16:38 of 3rd period - Wrist shot by T.J. Tynan.
16:38 of 3rd period - Stopped by Alex Lyon without a rebound.
16:39 of 3rd period - Oskar Back wins face-off versus Jiri Kulich in Wolf Pack zone.
16:39 of 3rd period - Oskar Back is hit by Conor Geekie.
16:58 of 3rd period - Jiri Kulich and Michael Pezzetta fight to a draw.
16:58 of 3rd period - Penalty to Jiri Kulich for Fighting.
16:58 of 3rd period - Penalty to Michael Pezzetta for Fighting.
16:59 of 3rd period - Logan Brown wins face-off versus Francesco Pinelli in neutral zone.
18:46 of 3rd period - Snap shot by Carl Grundstrom.
18:46 of 3rd period - Goal by Carl Grundstrom - Wolf Pack : 4 - Griffins : 3.
18:47 of 3rd period - Oskar Back wins face-off versus Conor Geekie in neutral zone.
18:49 of 3rd period - Off-side.
18:50 of 3rd period - Luke Richardson call a timeout for Griffins.
18:50 of 3rd period - Oskar Back wins face-off versus Conor Geekie in neutral zone.
19:05 of 3rd period - Wrist shot by Carl Grundstrom.
19:05 of 3rd period - Stopped by James Reimer without a rebound.
19:06 of 3rd period - Emil Heineman wins face-off versus Oskar Back in Griffins zone.
19:27 of 3rd period - Backhand shot by Carl Grundstrom.
19:27 of 3rd period - Shot Misses the Net.
19:29 of 3rd period - Snap shot by Brian Pinho.
19:29 of 3rd period - Stopped by James Reimer with a rebound.
19:31 of 3rd period - Wrist shot by Carl Grundstrom.
19:31 of 3rd period - Deflect By Oskar Back.
19:31 of 3rd period - Stopped by James Reimer with a rebound.
19:33 of 3rd period - Snap shot by Brian Pinho.
19:33 of 3rd period - Shot Blocked by Jacob MacDonald.
19:39 of 3rd period - Slapshot by Gustav Lindström.
19:39 of 3rd period - Stopped by James Reimer with a rebound.
19:43 of 3rd period - Slapshot by Gustav Lindström.
19:43 of 3rd period - Shot Misses the Net.
19:47 of 3rd period - Snap shot by Oskar Back.
19:47 of 3rd period - Stopped by James Reimer with a rebound.
19:49 of 3rd period - Backhand shot by Gustav Lindström.
19:49 of 3rd period - Deflect By Carl Grundstrom.
19:49 of 3rd period - Shot Misses the Net.
19:49 of 3rd period - Puck is out of play.
19:50 of 3rd period - Conor Geekie wins face-off versus Oskar Back in Griffins zone.
19:50 of 3rd period - Conor Geekie is hit by Oskar Back.
19:56 of 3rd period - Griffins, James Reimer is pulled from the net.
19:56 of 3rd period - Slapshot by Emil Heineman.
19:56 of 3rd period - Shot Misses the Net.
Goals for this period are 3 for Wolf Pack vs 1 for Griffins.
Shots for this period are 28 for Wolf Pack vs 8 for Griffins.